AoeStats
← Padredetodo4975

Lombardia

507908348Analyzed
3v3 RM · 13d ago on Sep 20, 2026· 60m 53s· 6 players
Game mode
Random Map
Map size
Normal (6 player)
Population
200
Speed
Normal
Resources
Standard
Victory
Conquest
Starting age
Dark Age
Ending age
Imperial Age
RankedLock teamsTeams togetherTeam positionsShared explorationLock speedFull tech treeHidden civsTurbo modeCheats
Victory
Defeat
🇲🇽 Franks · Mexico
759
+23
🇲🇽 Hindustanis · Mexico
745
+24
🇲🇽 Britons · Mexico
712
+25
🇦🇷 Franks · Argentina
1000
-103
🇦🇷 Burgundians · Argentina
886
-73
🇦🇷 Mapuche · Argentina
886
-73
Lestt714
9:42 Wheelbarrow
10:46 Double-Bit Axe
10:46 Horse Collar
15:08 Feudal Age
16:59 Bow Saw
18:02 Heavy Plow
20:06 Hand Cart
20:09 Gold Mining
21:32 Town Watch
22:34 Stone Mining
24:13 Gold Shaft Mining
28:49 Castle Age
27:58 Caravan
29:48 Town Patrol
29:20 Cavalier
31:41 Stone Shaft Mining
32:59 Crop Rotation
33:29 Treadmill Crane
34:53 Fervor
36:19 Scale Mail Armor
36:25 Scale Barding Armor
41:39 Imperial Age
39:36 Husbandry
41:24 Two-Man Saw
42:01 Loom
43:12 Conscription
43:00 Elite Coustillier
44:05 Forging
43:48 Fletching
43:59 Padded Archer Armor
44:01 Guard Tower
44:12 Murder Holes
45:13 Paladin
47:52 Iron Casting
49:47 Pikeman
53:18 Halberdier
54:06 Squires
54:23 Masonry
55:20 Blast Furnace
54:35 Chain Mail Armor
54:40 Chain Barding Armor
54:12 Man-at-Arms
58:07 Long Swordsman
Urilhez
4:10 Loom
13:10 Feudal Age
14:56 Feudal Age
24:31 Castle Age
28:50 Husbandry
39:28 Imperial Age
40:13 Cavalier
41:39 Wheelbarrow
52:52 Arson
Elcapo9011
9:54 Feudal Age
8:25 Loom
11:21 Wheelbarrow
14:40 Double-Bit Axe
16:28 Horse Collar
26:10 Castle Age
25:05 Forging
27:47 Heavy Plow
28:02 Bow Saw
33:57 Iron Casting
36:21 Fletching
37:12 Hand Cart
38:31 Malon
41:39 Pikeman
42:15 Gold Mining
42:22 Elite Skirmisher
46:46 Ballistics
Padredetodo4975
9:13 Loom
12:12 Feudal Age
12:59 Double-Bit Axe
14:55 Wheelbarrow
16:55 Gold Mining
20:56 Stone Mining
24:49 Castle Age
25:28 Forging
26:22 Hand Cart
26:21 Bow Saw
26:32 Husbandry
27:17 Gold Shaft Mining
28:21 Caravan
29:11 Fortified Wall
29:30 Scale Barding Armor
33:11 Masonry
33:51 Iron Casting
35:15 Chain Barding Armor
40:12 Imperial Age
38:13 Murder Holes
42:13 Chemistry
42:30 Plate Barding Armor
41:55 Cavalier
41:58 Pikeman
43:43 Blast Furnace
42:48 Padded Archer Armor
44:27 Architecture
43:51 Paladin
47:18 Leather Archer Armor
TheLordofLaw291
0:59 Loom
12:23 Feudal Age
13:44 Wheelbarrow
14:10 Double-Bit Axe
16:42 Gold Mining
17:29 Stone Mining
20:40 Arson
21:25 Town Watch
22:33 Horse Collar
26:41 Castle Age
27:23 Crossbowman
29:58 Hand Cart
29:44 Town Patrol
30:28 Squires
30:30 Fletching
30:42 Padded Archer Armor
30:43 Scale Mail Armor
30:54 Forging
31:37 Bodkin Arrow
34:32 Pikeman
35:32 Heavy Plow
35:26 Heated Shot
35:20 Treadmill Crane
44:14 Imperial Age
42:40 Yeomen
42:46 Leather Archer Armor
42:47 Chain Mail Armor
43:08 Iron Casting
48:29 Chemistry
47:51 Ballistics
47:44 Masonry
48:12 Conscription
47:15 Elite Longbowman
47:36 Capped Ram
59:29 Spies/Treason
Pandavha
11:41 Feudal Age
12:14 Loom
12:20 Double-Bit Axe
26:49 Castle Age
29:01 Bloodlines
28:52 Husbandry
35:58 Imperial Age
33:42 Caravan
33:51 Scale Barding Armor
33:57 Forging
34:21 Town Watch
38:30 Chain Barding Armor
38:46 Iron Casting
37:36 Heavy Camel Rider
39:24 Imperial Camel Rider
41:30 Wheelbarrow
41:48 Plate Barding Armor
42:14 Blast Furnace
54:48 Light Cavalry
59:38 Spies/Treason
Connection lost

Rejoining the realm…

Still unreachable

The connection could not be restored.

Session expired

The server has moved on; the page needs a fresh start.